 Dungeon Crawl Stone Soup version 0.27-a0-277-g024f7ef292 (webtiles) character file.

Game seed: 9800517848582975819

3150 HoaS the Cruncher (level 9, -4/48 HPs)
             Began as a Gargoyle Gladiator on Feb 6, 2021.
             Was a Believer of Okawaru.
             Slain by an orc warrior
             ... wielding a +0 flail
              (10 damage)
             ... on level 8 of the Dungeon.
             The game lasted 00:16:47 (8162 turns).

HoaS the Cruncher (Gargoyle Gladiator)              Turns: 8162, Time: 00:16:47

Health: -4/48      AC: 17    Str: 24    XL:     9   Next: 93%
Magic:  12/12      EV: 12    Int:  8    God:    Okawaru [**....]
Gold:   500        SH:  5    Dex: 12    Spells: 8/8 levels left

rFire    . . .     SeeInvis .   w - +1 quarterstaff (speed)
rCold    . . .     Faith    .   (shield currently unavailable)
rNeg     + . .     Spirit   .   t - +0 steam dragon scales
rPois    ∞         Reflect  +   c - +1 helmet
rElec    +         Harm     .   m - +1 cloak
rCorr    .         Rampage  .   b - +1 pair of gloves
Will     ++++.                  (no boots)
Stlth    +.........             v - amulet of Gotyeqyg {Reflect +Blink rPois Will++ Str+3 SH+5}
HPRegen  0.16/turn              n - ring of willpower
MPRegen  0.13/turn              D - ring of willpower

@: hasted, very quick
A: negative energy resistance 1, electricity resistance, unbreathing,
petrification resistance, miasma immunity, AC +6
a: Renounce Religion, Evoke Blink, Heroism


You were on level 8 of the Dungeon.
You worshipped Okawaru.
Okawaru was pleased with you.
You visited 2 branches of the dungeon, and saw 10 of its levels.

You collected 500 gold pieces.

Inventory:

Hand Weapons
 q - a +0 shortbow
 w - a +1 quarterstaff of speed (weapon)
 C - a +0 flail
Missiles
 d - a throwing net (quivered)
 e - 205 arrows
 h - 3 silver javelins
Armour
 b - a +1 pair of gloves (worn)
 c - a +1 helmet (worn)
 m - a +1 cloak (worn)
 o - a +0 plate armour
 t - +0 steam dragon scales (worn)
Jewellery
 j - an uncursed ring of fire
 n - a ring of willpower (left hand)
 v - the amulet of Gotyeqyg (around neck) {Reflect +Blink rPois Will++ Str+3 SH+5}
   (You found it on level 6 of the Dungeon)

   [amulet of reflection]

   It shields you and reflects attacks.
   It affects your strength (+3).
   It protects you from poison.
   It affects your willpower, your defense against some magical effects.
   It lets you blink.
   It affects your SH (+5).
 A - an uncursed amulet of reflection {unknown}
 D - a ring of willpower (right hand)
Wands
 a - a wand of charming (18)
 r - a wand of polymorph (11)
 y - a wand of random effects (24)
Scrolls
 i - a scroll of fog
 z - a scroll of fear
 B - a scroll of remove curse
 E - a scroll of teleportation
Potions
 f - a potion of lignification
 g - 2 potions of attraction
 k - a potion of resistance
 p - 2 potions of curing {unknown}
 s - 2 potions of flight {unknown}
 u - a potion of invisibility {unknown}
 x - a potion of heal wounds {unknown}


   Skills:
 - Level 2.1 Fighting
 * Level 12.7 Staves
 - Level 1.7 Throwing
 - Level 2.4 Dodging
 - Level 5.0 Invocations


You had 8 spell levels left.
You didn't know any spells.
Your spell library contained the following spells:

 Spells                   Type           Power        Failure   Level
 Corona                   Hex            0%           41%         1
 Ensorcelled Hibernation  Hex/Ice        0%           54%         2
 Confusing Touch          Hex            0%           78%         3
 Dazzling Flash           Conj/Hex       0%           78%         3
 Tukima's Dance           Hex            0%           78%         3


Dungeon Overview and Level Annotations

Branches:
Dungeon (9/15)             Temple (1/1) D:5
   Lair: D:8-11         Orc: D:9-12

Altars:
Ashenzari
Cheibriados
Dithmenos
Elyvilon
Fedhas
Gozag
Hepliaklqana
Kikubaaqudgha
Makhleb
Nemelex Xobeh
Okawaru
Qazlal
Ru
Sif Muna
Trog
Uskayaw
Vehumet
Wu Jian
Xom
Yredelemnul
Zin
The Shining One


Innate Abilities, Weirdness & Mutations

You are resistant to torment.
Your stone body is resilient. (AC +6)
You are immune to poison.
You resist negative energy. (rN+)
You are resistant to electric shocks. (rElec)
You can survive without breathing.
You are immune to petrification.
You are immune to miasma.


Message History

The orc warrior is moderately wounded.
You hit the orc warrior.
The orc warrior is moderately wounded.
You hit the orc warrior.
The orc warrior is heavily wounded.
You hit the orc warrior but do no damage.
The orc warrior is heavily wounded.
The orc warrior hits you but does no damage.
You hit the orc warrior but do no damage.
The orc warrior is heavily wounded.
You hit the orc warrior.
The orc warrior is severely wounded.
You hit the orc warrior but do no damage.
The orc warrior is severely wounded.
You barely miss the orc warrior.
The orc warrior is severely wounded.
You thump the orc warrior!
The orc warrior is almost dead.
The orc warrior hits you with a +0 flail!
You die...

##............
#.............
#...).........
#......)##.###
##########.# #
###########.### o
#.............#
....########...........#..
.....oooo@(..[.........#..
.....###########.......#[.
... #...#####.. . #####
#.. #.# #.# #.# ..# ###


You could see an orc warrior, an orc priest and 2 orcs.

Vanquished Creatures
  A komodo dragon (D:8)
  Maggie (D:6)
  Sigmund (D:2)
  A human (D:2)
  2 water moccasins
  3 orc warriors
  2 ice beasts
  A necrophage (D:6)
  2 ogres (D:9)
  2 phantoms (D:6)
  A centaur (D:5)
  A bullfrog (D:5)
  A scorpion (D:4)
  4 howler monkeys
  2 bullfrog zombies (D:6)
  2 quasits
  3 jellies
  2 centaur zombies (D:6)
  A hound (D:7)
  An orc priest (D:8)
  A centaur skeleton (D:4)
  A human skeleton (D:2)
  5 orc wizards
  An iguana (D:6)
  3 worker ants
  2 hound skeletons
  Robin (D:2)
  4 adders
  6 gnolls
  A shadow imp (D:6)
  3 ufetubi
  3 oozes
  An adder skeleton (D:4)
  A worm (D:2)
  2 dart slugs
  3 leopard geckos
  21 orcs
  3 ball pythons
  7 giant cockroaches
  10 hobgoblins
  16 jackals
  9 kobolds
  3 quokkas
  9 bats
  5 frilled lizards
  12 goblins
  2 quokka skeletons (D:6)
  11 rats
180 creatures vanquished.

Vanquished Creatures (others)
  An orc wizard (D:4)
  27 plants (D:8)
28 creatures vanquished.

Grand Total: 208 creatures vanquished

Notes
Turn   | Place    | Note
-------+----------+-------------------------------------------
     0 | D:1      | HoaS the Gargoyle Gladiator began the quest for the Orb.
     0 | D:1      | Reached XP level 1. HP: 12/12 MP: 1/1
   120 | D:1      | Reached XP level 2. HP: 17/17 MP: 2/2
   459 | D:1      | Reached skill level 4 in Staves
   674 | D:1      | Reached XP level 3. HP: 21/21 MP: 3/3
  1203 | D:2      | Found a runed translucent door.
  1203 | D:2      | Noticed a human
  1208 | D:2      | Found a basalt altar of Yredelemnul.
  1235 | D:2      | Reached XP level 4. HP: 3/26 MP: 4/4
  1560 | D:2      | Reached skill level 5 in Staves
  1703 | D:2      | Reached XP level 5. HP: 25/30 MP: 5/5
  1841 | D:2      | Noticed Sigmund
  1855 | D:2      | Killed Sigmund
  1856 | D:2      | Reached skill level 6 in Staves
  1856 | D:2      | Reached XP level 6. HP: 35/35 MP: 6/6
  2077 | D:2      | Killed a human
  2078 | D:2      | Reached skill level 7 in Staves
  2235 | D:3      | Reached XP level 7. HP: 39/40 MP: 7/7
  2579 | D:3      | Noticed Robin
  2626 | D:2      | Killed Robin
  2859 | D:3      | Found a faded altar of an unknown god.
  2966 | D:4      | Reached skill level 8 in Staves
  3996 | D:5      | Entered Level 5 of the Dungeon
  4156 | D:5      | Reached skill level 9 in Staves
  4269 | D:5      | Reached XP level 8. HP: 34/44 MP: 8/8
  4735 | D:5      | Found a staircase to the Ecumenical Temple.
  4741 | Temple   | Entered the Ecumenical Temple
  5078 | Temple   | Became a worshipper of Warmaster Okawaru
  5270 | D:6      | Reached skill level 1 in Invocations
  5342 | D:6      | Reached skill level 10 in Staves
  5411 | D:6      | HP: 2/44 [orc warrior/cursed -1 battleaxe (9)]
  5412 | D:6      | Reached * piety under Okawaru
  6333 | D:6      | Reached XP level 9. HP: 46/48 MP: 11/11
  6562 | D:6      | Got a flickering pewter amulet
  6626 | D:6      | Noticed Maggie
  6650 | D:6      | Killed Maggie
  6651 | D:6      | Reached skill level 11 in Staves
  7226 | D:7      | Reached skill level 5 in Invocations
  7315 | D:7      | Found a sparkling altar of Nemelex Xobeh.
  7438 | D:7      | Identified the amulet of Gotyeqyg {Reflect +Blink rPois
                  | Will++ Str+3 SH+5} (You found it on level 6 of the Dungeon)
  7788 | D:9      | Reached skill level 12 in Staves
  7821 | D:9      | Reached ** piety under Okawaru
  8101 | D:8      | Noticed a komodo dragon
  8134 | D:8      | Killed a komodo dragon
  8162 | D:8      | Slain by an orc warrior

Illustrated notes

Levels and vault maps discovered:
D:1:      scummos_arrival_gate, layout_loops_corners, minmay_distorted
D:2:      layout_basic, dk_yredelemnul_ordeal, uniq_sigmund
D:3:      layout_rooms, chequers_ecumenical_altar_grove,
          hangedman_abyss_or_decor_stabs, uniq_robin
D:4:      layout_loops_corners
D:5:      cheibrodos_iron_armory, layout_rooms, minmay_temple_entry_fiery
D:6:      layout_layer_cave, serial_co_window_serial,
          co_window_of_opportunity_a, co_window_paths_a,
          co_window_of_opportunity_a, co_window_paths_a, co_window_corner_a,
          co_window_corner_a, co_window_of_opportunity_a,
          co_window_of_opportunity_c, co_window_corner_b, co_window_corner_cb,
          co_window_corner_ca, co_window_4corner_b, uniq_maggie
D:7:      layout_basic, nemelex_altar_shiori
D:8:      layout_basic, david_lair_shrubbed
D:9:      layout_loops_corners, uniq_prince_ribbit1
Temple:   compressed_dpeg_triangle_lava_temple

Skill      XL: |  1  2  3  4  5  6  7  8  9 |
---------------+----------------------------+-----
Staves         | 4 5 6 7 9 10 12 | 12.7
Invocations    | 3 5 |  5.0
Fighting       | |  2.1
Throwing       | |  1.7
Dodging        | |  2.4

Action                   |  1- 3 |  4- 6 |  7- 9 || total
-------------------------+-------+-------+-------++-------
Melee: Quarterstaff      |   122 |    90 |   556 ||   768
Throw: Throwing net      |       |     1 |     1 ||     2
  Use: Scroll            |     4 |     5 |    15 ||    24
       Potion            |     1 |       |     2 ||     3
 Stab: Held in net/web   |       |     1 |     1 ||     2
Armor: Leather armour    |    33 |       |       ||    33
       Ring mail         |    37 |     7 |       ||    44
       Scale mail        |       |    32 |    97 ||   129
       Chain mail        |       |       |    87 ||    87
       Steam dragon scal |       |       |    60 ||    60
Dodge: Dodged            |    94 |    45 |   270 ||   409
Block: Other             |       |       |     4 ||     4

Table legend: (Time is in decaauts)
 A = Elapsed time spent in this place.
 B = Non-inter-level travel time spent in this place.
 C = Inter-level travel time spent in this place.
 D = Time resting spent in this place.
 E = Time spent auto-exploring this place.
 F = Levels seen in this place.
 G = Mean time per level.
                   A        B        C        D        E       F      G
               +--------+--------+--------+--------+--------+-----+--------+
         Total |   7958 |   7493 |    465 |   1143 |   4962 |  10 |  795.8 |
       Dungeon |   7607 |   7161 |    446 |   1143 |   4632 |   9 |  845.2 |
        Temple |    350 |    331 |     19 |      0 |    330 |   1 |  350.0 |
               +--------+--------+--------+--------+--------+-----+--------+

Top non-repeatable levels by time:
     D:6: 1829 daAuts
     D:2: 1179 daAuts
     D:1: 1064 daAuts
     D:4: 988 daAuts
     D:5: 886 daAuts
     D:3: 763 daAuts
     D:7: 506 daAuts
  Temple: 350 daAuts
     D:9: 210 daAuts
     D:8: 179 daAuts
